Hurricanes vs Senators

Created - March 24 2011 at 18:00

Goals
1 2 3 T
Hurricanes 1 1 2 4
Senators 1 1 0 2
Shots
1 2 3 T
Hurricanes 11 8 15 34
Senators 6 15 14 35

Period #1

1. Senators , Daniel Briere 29 (Filip Kuba, Sidney Crosby) at 4:40 (PP)
2. Hurricanes , Brandon Yip 25 (Jan Hejda, Steven Reinprecht) at 10:56

Penalties :
Guillaume Latendresse (OTT) for Hooking (Minor) at 0:43, Johnny Oduya (CAR) for Hooking (Minor) at 4:36, Johnny Oduya (CAR) for Tripping (Minor) at 5:21, Jason Spezza (OTT) for Hooking (Minor) at 8:36, Dion Phaneuf (OTT) for Goalie Interference (Minor) at 12:50, Ryan Wilson (CAR) for High sticking (Minor) at 18:24

Period #2

3. Hurricanes , Jaroslav Spacek 11 (Michael Ryder, Freddy Meyer) at 7:30
4. Senators , Thomas Vanek 22 (Jay Bouwmeester, Jason Spezza) at 8:50

Penalties :
Michael Ryder (CAR) for Hooking (Minor) at 1:16, Dion Phaneuf (OTT) for Tripping (Minor) at 9:40, Brandon Yip (CAR) for High sticking (Minor) at 14:32, Patrick Eaves (OTT) for Fighting (Major) at 16:48, Ryan OByrne (CAR) for Fighting (Major) at 16:48, Daniel Briere (OTT) for Cross-checking (Minor) at 18:23

Period #3

5. Hurricanes , Andy Greene 13 (Jarome Iginla, Eric Staal) at 0:18 (PP)
6. Hurricanes , Andy Greene 14 (Jarome Iginla, Eric Staal) at 1:08

Penalties :
Ryan Wilson (CAR) for Hooking (Minor) at 2:20, Brandon Yip (CAR) for Hooking (Minor) at 4:27, Chris Stewart (OTT) for Hooking (Minor) at 9:39, Filip Kuba (OTT) for Holding (Minor) at 17:41

Goalie Stats

Brian Elliott (CAR), 33 saves from 35 shots - (0.943), W, 12-11-1, 60:00 minutes
Carey Price (OTT), 30 saves from 34 shots - (0.882), L, 18-8-0, 60:00 minutes

Players Stats

Hurricanes
Player Name              G  A  P  +/- PIM S  H  SB FO    MP 
------------------------------------------------------------
Andy Greene              2  0  2   1  0   4  0  1  0/0   24 
Brandon Yip              1  0  1   1  4   2  2  0  0/0   8  
Eric Staal               0  2  2   1  0   7  0  0  18/34 23 
Freddy Meyer             0  1  1   0  0   1  2  0  0/0   22 
Jamie Benn               0  0  0   1  0   6  0  0  0/0   20 
Jan Hejda                0  1  1   1  0   0  0  0  0/0   14 
Jarome Iginla            0  2  2   1  0   4  1  0  1/3   24 
Jaroslav Spacek          1  0  1   0  0   1  0  0  0/0   20 
Jed Ortmeyer             0  0  0   0  0   2  1  0  0/2   12 
Jere Lehtinen            0  0  0   0  0   1  0  0  0/1   19 
Johnny Oduya             0  0  0   1  4   2  1  3  0/0   21 
Martin Hanzal            0  0  0   0  0   0  1  1  12/22 18 
Mathieu Schneider        0  0  0   0  0   0  0  0  0/0   0  
Michael Ryder            0  1  1   0  2   3  4  0  1/3   19 
Mikhail Grabovski        0  0  0   0  0   0  0  0  14/20 11 
Ryan OByrne              0  0  0   1  5   0  1  0  0/0   5  
Ryan Wilson              0  0  0   1  4   1  1  2  0/0   16 
Steven Reinprecht        0  1  1   1  0   0  0  0  4/11  14 
Senators
Player Name              G  A  P  +/- PIM S  H  SB FO    MP 
------------------------------------------------------------
Brent Sopel              0  0  0   0  0   1  0  0  0/0   17 
Carl Gunnarsson          0  0  0  -2  0   2  0  1  0/0   19 
Chris Stewart            0  0  0   0  2   1  3  0  1/2   15 
Daniel Briere            1  0  1  -2  2   2  1  0  0/1   20 
David Jones              0  0  0   0  0   2  2  0  0/0   14 
David Steckel            0  0  0   0  0   1  1  0  7/15  12 
Dion Phaneuf             0  0  0  -2  4   1  2  2  0/0   22 
Filip Kuba               0  1  1   0  2   0  1  1  0/0   18 
Guillaume Latendresse    0  0  0   0  2   2  0  0  0/0   8  
Jason Spezza             0  1  1   0  2   1  0  0  11/19 16 
Jay Bouwmeester          0  1  1   0  0   2  2  2  0/0   23 
Jordan Staal             0  0  0   0  0   4  0  1  12/25 15 
Karlis Skrastins         0  0  0   0  0   0  0  2  0/0   18 
Mike Cammalleri          0  0  0  -2  0   6  0  0  0/1   17 
Patrick Dwyer            0  0  0   0  0   2  0  0  0/0   5  
Patrick Eaves            0  0  0   0  5   2  0  0  0/0   10 
Sidney Crosby            0  1  1  -2  0   4  1  1  14/30 21 
Thomas Vanek             1  0  1   0  0   2  0  0  1/3   16 

3 Stars

1 - Andy Greene (CAR)
2 - Jarome Iginla (CAR)
3 - Brian Elliott (CAR)

Power Play

Hurricanes - 1 on 7 Attempt(s) - 14.29%
Senators - 1 on 7 Attempt(s) - 14.29%

Penalty Kill

Hurricanes - 6 on 7 Attempt(s) - 85.71% - Score 0 goal in Penalty Kill
Senators - 6 on 7 Attempt(s) - 85.71% - Score 0 goal in Penalty Kill

Game Notes

Ryan OByrne beats up Patrick Eaves at 16:48 of 2nd period

Finance

Level 1 -- Attendance: 4735 (72.85%) -- Ticket Income $473,500.00
Level 2 -- Attendance: 4160 (83.20%) -- Ticket Income $249,600.00
Level 3 -- Attendance: 2740 (78.29%) -- Ticket Income $95,900.00
Level 4 -- Attendance: 1434 (45.48%) -- Ticket Income $43,020.00
Luxury Box -- Attendance: 633 (63.30%) -- Ticket Income $158,250.00
Game was played at the Scotiabank Place
Total Attendance: 13702 (71.54%)
Total Ticket Income: $1,084,073.00
Other Income: $202,782.60
Total Income: $1,286,855.00


Play by Play

Period #1

0:01 of 1st period - Sidney Crosby wins face-off versus Eric Staal in neutral zone.
0:08 of 1st period - Shot by Mike Cammalleri.
0:08 of 1st period - Stopped by Brian Elliott with a rebound.
0:16 of 1st period - Shot by Eric Staal.
0:16 of 1st period - Stopped by Carey Price with a rebound.
0:18 of 1st period - Shot by Jarome Iginla.
0:18 of 1st period - Shot Blocked by Carl Gunnarsson.
0:22 of 1st period - Shot by Eric Staal.
0:22 of 1st period - Stopped by Carey Price without a rebound.
0:23 of 1st period - Mikhail Grabovski wins face-off versus Thomas Vanek in Senators zone.
0:27 of 1st period - Icing by Filip Kuba.
0:28 of 1st period - Steven Reinprecht wins face-off versus Jason Spezza in Senators zone.
0:36 of 1st period - Off-side.
0:37 of 1st period - Jordan Staal wins face-off versus Martin Hanzal in neutral zone.
0:43 of 1st period - Minor Penalty to Guillaume Latendresse for Hooking.
0:44 of 1st period - Jordan Staal wins face-off versus Eric Staal in Senators zone.
1:18 of 1st period - Shot by Jarome Iginla.
1:18 of 1st period - Stopped by Carey Price without a rebound.
1:19 of 1st period - Jordan Staal wins face-off versus Michael Ryder in Senators zone.
1:48 of 1st period - Shot by Jamie Benn.
1:48 of 1st period - Stopped by Carey Price with a rebound.
1:50 of 1st period - Shot by Jamie Benn.
1:50 of 1st period - Stopped by Carey Price with a rebound.
1:52 of 1st period - Shot by Michael Ryder.
1:52 of 1st period - Shot Blocked by Dion Phaneuf.
2:18 of 1st period - Off-side.
2:19 of 1st period - Martin Hanzal wins face-off versus David Steckel in neutral zone.
2:19 of 1st period - Martin Hanzal is hit by David Jones.
3:15 of 1st period - Shot by Jarome Iginla.
3:15 of 1st period - Stopped by Carey Price without a rebound.
3:16 of 1st period - Jason Spezza wins face-off versus Eric Staal in Senators zone.
3:44 of 1st period - Shot by Jamie Benn.
3:44 of 1st period - Stopped by Carey Price without a rebound.
3:45 of 1st period - David Steckel wins face-off versus Mikhail Grabovski in Senators zone.
4:02 of 1st period - Shot by Michael Ryder.
4:02 of 1st period - Shot Blocked by Karlis Skrastins.
4:04 of 1st period - Shot by Freddy Meyer.
4:04 of 1st period - Stopped by Carey Price without a rebound.
4:05 of 1st period - Martin Hanzal wins face-off versus Sidney Crosby in Senators zone.
4:08 of 1st period - Shot by Jarome Iginla.
4:08 of 1st period - Stopped by Carey Price with a rebound.
4:36 of 1st period - Minor Penalty to Johnny Oduya for Hooking.
4:37 of 1st period - Sidney Crosby wins face-off versus Jarome Iginla in Hurricanes zone.
4:40 of 1st period - Shot by Daniel Briere.
4:40 of 1st period - Goal by Daniel Briere - Hurricanes : 0 - Senators : 1.
4:41 of 1st period - Jordan Staal wins face-off versus Steven Reinprecht in neutral zone.
4:51 of 1st period - Jordan Staal is hit by Michael Ryder and loses puck.
5:21 of 1st period - Minor Penalty to Johnny Oduya for Tripping.
5:22 of 1st period - Sidney Crosby wins face-off versus Eric Staal in Hurricanes zone.
5:58 of 1st period - Icing by Daniel Briere.
5:59 of 1st period - Sidney Crosby wins face-off versus Eric Staal in Senators zone.
6:54 of 1st period - Shot by Mike Cammalleri.
6:54 of 1st period - Stopped by Brian Elliott without a rebound.
6:55 of 1st period - Jason Spezza wins face-off versus Eric Staal in Hurricanes zone.
7:20 of 1st period - Shot by Chris Stewart.
7:20 of 1st period - Shot Misses the Net.
7:50 of 1st period - Icing by Johnny Oduya.
7:51 of 1st period - Steven Reinprecht wins face-off versus David Steckel in Hurricanes zone.
8:15 of 1st period - Shot by Jan Hejda.
8:15 of 1st period - Shot Misses the Net.
8:36 of 1st period - Minor Penalty to Jason Spezza for Hooking.
8:37 of 1st period - Eric Staal wins face-off versus Jordan Staal in Senators zone.
8:42 of 1st period - Shot by Andy Greene.
8:42 of 1st period - Shot Misses the Net.
8:44 of 1st period - Shot by Andy Greene.
8:44 of 1st period - Deflect By Eric Staal.
8:44 of 1st period - Shot Misses the Net.
10:56 of 1st period - Shot by Brandon Yip.
10:56 of 1st period - Goal by Brandon Yip - Hurricanes : 1 - Senators : 1.
10:57 of 1st period - Jason Spezza wins face-off versus Eric Staal in neutral zone.
11:00 of 1st period - Shot by Filip Kuba.
11:00 of 1st period - Shot Blocked by Ryan Wilson.
11:24 of 1st period - Shot by Jarome Iginla.
11:24 of 1st period - Shot Blocked by Jay Bouwmeester.
11:26 of 1st period - Shot by Ryan Wilson.
11:26 of 1st period - Shot Misses the Net.
12:09 of 1st period - Jed Ortmeyer is hit by Chris Stewart and loses puck.
12:20 of 1st period - Jason Spezza is hit by Michael Ryder and loses puck.
12:50 of 1st period - Minor Penalty to Dion Phaneuf for Goalie Interference.
12:51 of 1st period - Eric Staal wins face-off versus Jordan Staal in Senators zone.
14:03 of 1st period - Jed Ortmeyer is hit by David Jones and loses puck.
14:20 of 1st period - Shot by Eric Staal.
14:20 of 1st period - Stopped by Carey Price without a rebound.
14:21 of 1st period - Martin Hanzal wins face-off versus Jordan Staal in Senators zone.
14:36 of 1st period - Shot by Michael Ryder.
14:36 of 1st period - Shot Blocked by Jordan Staal.
16:25 of 1st period - Icing by Brent Sopel.
16:26 of 1st period - Jordan Staal wins face-off versus Eric Staal in Senators zone.
17:58 of 1st period - Shot by Patrick Eaves.
17:58 of 1st period - Shot Blocked by Johnny Oduya.
18:00 of 1st period - Shot by Patrick Eaves.
18:00 of 1st period - Stopped by Brian Elliott without a rebound.
18:01 of 1st period - Mikhail Grabovski wins face-off versus Sidney Crosby in Hurricanes zone.
18:03 of 1st period - Icing by Freddy Meyer.
18:04 of 1st period - Mikhail Grabovski wins face-off versus David Steckel in Hurricanes zone.
18:21 of 1st period - Shot by David Steckel.
18:21 of 1st period - Stopped by Brian Elliott without a rebound.
18:22 of 1st period - Sidney Crosby wins face-off versus Jarome Iginla in Hurricanes zone.
18:24 of 1st period - Minor Penalty to Ryan Wilson for High sticking.
18:25 of 1st period - Jason Spezza wins face-off versus Martin Hanzal in Hurricanes zone.
18:30 of 1st period - Shot by Mike Cammalleri.
18:30 of 1st period - Deflect By Chris Stewart.
18:30 of 1st period - Shot Misses the Net.
18:39 of 1st period - Icing by Jason Spezza.
18:40 of 1st period - Eric Staal wins face-off versus Jason Spezza in Senators zone.
18:49 of 1st period - Jarome Iginla is hit by Chris Stewart and loses puck.
19:12 of 1st period - Shot by Thomas Vanek.
19:12 of 1st period - Deflect By Sidney Crosby.
19:12 of 1st period - Shot Misses the Net.
19:14 of 1st period - Shot by Thomas Vanek.
19:14 of 1st period - Stopped by Brian Elliott without a rebound.
19:15 of 1st period - Martin Hanzal wins face-off versus Sidney Crosby in Hurricanes zone.
19:28 of 1st period - Shot by Filip Kuba.
19:28 of 1st period - Shot Blocked by Martin Hanzal.
19:47 of 1st period - Icing by Sidney Crosby.
19:48 of 1st period - Martin Hanzal wins face-off versus Sidney Crosby in Senators zone.

Period #2

0:01 of 2nd period - Sidney Crosby wins face-off versus Eric Staal in neutral zone.
0:16 of 2nd period - Shot by Jay Bouwmeester.
0:16 of 2nd period - Deflect By Sidney Crosby.
0:16 of 2nd period - Stopped by Brian Elliott without a rebound.
0:17 of 2nd period - Jason Spezza wins face-off versus Martin Hanzal in Hurricanes zone.
0:30 of 2nd period - Shot by Jordan Staal.
0:30 of 2nd period - Stopped by Brian Elliott without a rebound.
0:31 of 2nd period - Martin Hanzal wins face-off versus Sidney Crosby in Hurricanes zone.
0:40 of 2nd period - Shot by Jamie Benn.
0:40 of 2nd period - Stopped by Carey Price with a rebound.
0:43 of 2nd period - Icing by Carl Gunnarsson.
0:44 of 2nd period - Sidney Crosby wins face-off versus Mikhail Grabovski in Senators zone.
0:44 of 2nd period - Sidney Crosby is hit by Jed Ortmeyer.
0:49 of 2nd period - Icing by Mike Cammalleri.
0:50 of 2nd period - Eric Staal wins face-off versus Sidney Crosby in Senators zone.
1:11 of 2nd period - Shot by Eric Staal.
1:11 of 2nd period - Stopped by Carey Price without a rebound.
1:12 of 2nd period - Jason Spezza wins face-off versus Michael Ryder in Senators zone.
1:16 of 2nd period - Minor Penalty to Michael Ryder for Hooking.
1:17 of 2nd period - Sidney Crosby wins face-off versus Martin Hanzal in Hurricanes zone.
2:30 of 2nd period - Shot by Dion Phaneuf.
2:30 of 2nd period - Shot Blocked by Andy Greene.
2:32 of 2nd period - Shot by Carl Gunnarsson.
2:32 of 2nd period - Stopped by Brian Elliott without a rebound.
2:33 of 2nd period - Jason Spezza wins face-off versus Martin Hanzal in Hurricanes zone.
3:32 of 2nd period - Shot by Patrick Dwyer.
3:32 of 2nd period - Stopped by Brian Elliott without a rebound.
3:33 of 2nd period - Eric Staal wins face-off versus Jordan Staal in Hurricanes zone.
3:40 of 2nd period - Shot by Jarome Iginla.
3:40 of 2nd period - Deflect By Eric Staal.
3:40 of 2nd period - Shot Misses the Net.
3:58 of 2nd period - Shot by Jarome Iginla.
3:58 of 2nd period - Shot Blocked by Karlis Skrastins.
4:35 of 2nd period - Jason Spezza is hit by Brandon Yip and loses puck.
5:34 of 2nd period - Shot by Mike Cammalleri.
5:34 of 2nd period - Stopped by Brian Elliott without a rebound.
5:35 of 2nd period - David Steckel wins face-off versus Jed Ortmeyer in Hurricanes zone.
5:39 of 2nd period - Icing by Jed Ortmeyer.
5:40 of 2nd period - Mikhail Grabovski wins face-off versus David Steckel in Hurricanes zone.
5:57 of 2nd period - Shot by Patrick Eaves.
5:57 of 2nd period - Stopped by Brian Elliott with a rebound.
7:03 of 2nd period - Andy Greene is hit by Jay Bouwmeester and loses puck.
7:15 of 2nd period - Jarome Iginla is hit by Jay Bouwmeester and loses puck.
7:20 of 2nd period - Shot by Eric Staal.
7:20 of 2nd period - Stopped by Carey Price without a rebound.
7:21 of 2nd period - Mikhail Grabovski wins face-off versus Sidney Crosby in Senators zone.
7:28 of 2nd period - Shot by Michael Ryder.
7:28 of 2nd period - Shot Misses the Net.
7:30 of 2nd period - Shot by Jaroslav Spacek.
7:30 of 2nd period - Goal by Jaroslav Spacek - Hurricanes : 2 - Senators : 1.
7:31 of 2nd period - Sidney Crosby wins face-off versus Steven Reinprecht in neutral zone.
7:46 of 2nd period - Carl Gunnarsson is hit by Brandon Yip and loses puck.
7:55 of 2nd period - Shot by Steven Reinprecht.
7:55 of 2nd period - Deflect By Brandon Yip.
7:55 of 2nd period - Stopped by Carey Price without a rebound.
7:56 of 2nd period - Eric Staal wins face-off versus Jordan Staal in Senators zone.
8:15 of 2nd period - Shot by Jay Bouwmeester.
8:15 of 2nd period - Stopped by Brian Elliott without a rebound.
8:16 of 2nd period - Sidney Crosby wins face-off versus Martin Hanzal in Hurricanes zone.
8:34 of 2nd period - Off-side.
8:35 of 2nd period - Mikhail Grabovski wins face-off versus Jason Spezza in neutral zone.
8:46 of 2nd period - Shot by Jason Spezza.
8:46 of 2nd period - Shot Misses the Net.
8:50 of 2nd period - Shot by Thomas Vanek.
8:50 of 2nd period - Goal by Thomas Vanek - Hurricanes : 2 - Senators : 2.
8:51 of 2nd period - Jordan Staal wins face-off versus Eric Staal in neutral zone.
9:06 of 2nd period - Shot by Guillaume Latendresse.
9:06 of 2nd period - Shot Misses the Net.
9:10 of 2nd period - Shot by Jordan Staal.
9:10 of 2nd period - Stopped by Brian Elliott with a rebound.
9:24 of 2nd period - Shot by David Jones.
9:24 of 2nd period - Stopped by Brian Elliott without a rebound.
9:25 of 2nd period - Mikhail Grabovski wins face-off versus Mike Cammalleri in Hurricanes zone.
9:25 of 2nd period - Mikhail Grabovski is hit by Daniel Briere.
9:28 of 2nd period - Michael Ryder is hit by Sidney Crosby and loses puck.
9:40 of 2nd period - Minor Penalty to Dion Phaneuf for Tripping.
9:41 of 2nd period - David Steckel wins face-off versus Martin Hanzal in Senators zone.
11:22 of 2nd period - Karlis Skrastins is hit by Martin Hanzal and loses puck.
12:03 of 2nd period - Shot by Mike Cammalleri.
12:03 of 2nd period - Shot Blocked by Johnny Oduya.
12:35 of 2nd period - Shot by Jamie Benn.
12:35 of 2nd period - Stopped by Carey Price without a rebound.
12:36 of 2nd period - Mikhail Grabovski wins face-off versus Jason Spezza in Senators zone.
12:50 of 2nd period - Icing by Filip Kuba.
12:51 of 2nd period - Jason Spezza wins face-off versus Mikhail Grabovski in Senators zone.
13:04 of 2nd period - Shot by Jay Bouwmeester.
13:04 of 2nd period - Stopped by Brian Elliott with a rebound.
14:32 of 2nd period - Minor Penalty to Brandon Yip for High sticking.
14:33 of 2nd period - Eric Staal wins face-off versus Sidney Crosby in Hurricanes zone.
15:53 of 2nd period - Icing by Guillaume Latendresse.
15:54 of 2nd period - Martin Hanzal wins face-off versus Jason Spezza in Senators zone.
15:55 of 2nd period - Shot by Jaroslav Spacek.
15:55 of 2nd period - Shot Misses the Net.
16:25 of 2nd period - Shot by Sidney Crosby.
16:25 of 2nd period - Shot Misses the Net.
16:32 of 2nd period - Sidney Crosby is hit by Ryan OByrne and loses puck.
16:41 of 2nd period - Shot by Patrick Eaves.
16:41 of 2nd period - Deflect By Patrick Dwyer.
16:41 of 2nd period - Stopped by Brian Elliott with a rebound.
16:43 of 2nd period - Shot by Brent Sopel.
16:43 of 2nd period - Stopped by Brian Elliott with a rebound.
16:48 of 2nd period - Ryan OByrne beats up Patrick Eaves.
16:48 of 2nd period - Penalty to Patrick Eaves for Fighting.
16:48 of 2nd period - Penalty to Ryan OByrne for Fighting.
16:49 of 2nd period - Jordan Staal wins face-off versus Mikhail Grabovski in Hurricanes zone.
16:49 of 2nd period - Jordan Staal is hit by Freddy Meyer.
16:59 of 2nd period - Shot by Guillaume Latendresse.
16:59 of 2nd period - Stopped by Brian Elliott without a rebound.
17:00 of 2nd period - Eric Staal wins face-off versus Sidney Crosby in Hurricanes zone.
17:16 of 2nd period - Mike Cammalleri is hit by Ryan Wilson and loses puck.
17:25 of 2nd period - Shot by Sidney Crosby.
17:25 of 2nd period - Shot Misses the Net.
17:27 of 2nd period - Shot by Mike Cammalleri.
17:27 of 2nd period - Stopped by Brian Elliott without a rebound.
17:28 of 2nd period - David Steckel wins face-off versus Steven Reinprecht in Hurricanes zone.
17:46 of 2nd period - Icing by Brandon Yip.
17:47 of 2nd period - Thomas Vanek wins face-off versus Steven Reinprecht in Hurricanes zone.
18:01 of 2nd period - Johnny Oduya is hit by Filip Kuba and loses puck.
18:23 of 2nd period - Minor Penalty to Daniel Briere for Cross-checking.
18:24 of 2nd period - Jordan Staal wins face-off versus Eric Staal in Senators zone.
18:35 of 2nd period - Shot by Eric Staal.
18:35 of 2nd period - Stopped by Carey Price with a rebound.
18:37 of 2nd period - Shot by Ryan Wilson.
18:37 of 2nd period - Stopped by Carey Price without a rebound.
18:38 of 2nd period - Martin Hanzal wins face-off versus David Steckel in Senators zone.
18:39 of 2nd period - Shot by Jaroslav Spacek.
18:39 of 2nd period - Shot Misses the Net.
18:49 of 2nd period - Shot by Freddy Meyer.
18:49 of 2nd period - Shot Misses the Net.
19:18 of 2nd period - Icing by Jere Lehtinen.
19:19 of 2nd period - David Steckel wins face-off versus Eric Staal in Hurricanes zone.
19:50 of 2nd period - Ryan Wilson is hit by David Steckel and loses puck.
19:57 of 2nd period - Brent Sopel is hit by Jarome Iginla and loses puck.

Period #3

0:01 of 3rd period - Eric Staal wins face-off versus Jordan Staal in neutral zone.
0:18 of 3rd period - Shot by Andy Greene.
0:18 of 3rd period - Goal by Andy Greene - Hurricanes : 3 - Senators : 2.
0:19 of 3rd period - Michael Ryder wins face-off versus Sidney Crosby in neutral zone.
0:28 of 3rd period - Shot by Jed Ortmeyer.
0:28 of 3rd period - Stopped by Carey Price without a rebound.
0:29 of 3rd period - Jason Spezza wins face-off versus Martin Hanzal in Senators zone.
0:36 of 3rd period - Shot by Johnny Oduya.
0:36 of 3rd period - Stopped by Carey Price without a rebound.
0:37 of 3rd period - Mikhail Grabovski wins face-off versus Sidney Crosby in Senators zone.
0:37 of 3rd period - Jaroslav Spacek is hit by Dion Phaneuf and loses puck.
0:48 of 3rd period - Off-side.
0:49 of 3rd period - Eric Staal wins face-off versus Jason Spezza in neutral zone.
1:04 of 3rd period - Shot by Eric Staal.
1:04 of 3rd period - Shot Blocked by Filip Kuba.
1:06 of 3rd period - Shot by Jarome Iginla.
1:06 of 3rd period - Shot Hit the Post.
1:08 of 3rd period - Shot by Andy Greene.
1:08 of 3rd period - Goal by Andy Greene - Hurricanes : 4 - Senators : 2.
1:09 of 3rd period - Mikhail Grabovski wins face-off versus Daniel Briere in neutral zone.
1:15 of 3rd period - Jed Ortmeyer is hit by Dion Phaneuf and loses puck.
1:18 of 3rd period - Shot by Michael Ryder.
1:18 of 3rd period - Shot Blocked by Sidney Crosby.
1:20 of 3rd period - Shot by Jed Ortmeyer.
1:20 of 3rd period - Stopped by Carey Price without a rebound.
1:21 of 3rd period - Jordan Staal wins face-off versus Jere Lehtinen in Senators zone.
1:23 of 3rd period - Icing by Brent Sopel.
1:24 of 3rd period - Jordan Staal wins face-off versus Steven Reinprecht in Senators zone.
1:33 of 3rd period - Shot by Guillaume Latendresse.
1:33 of 3rd period - Shot Blocked by Johnny Oduya.
1:35 of 3rd period - Shot by Jordan Staal.
1:35 of 3rd period - Stopped by Brian Elliott without a rebound.
1:36 of 3rd period - Eric Staal wins face-off versus Sidney Crosby in Hurricanes zone.
2:17 of 3rd period - Shot by Sidney Crosby.
2:17 of 3rd period - Deflect By Mike Cammalleri.
2:17 of 3rd period - Stopped by Brian Elliott with a rebound.
2:20 of 3rd period - Minor Penalty to Ryan Wilson for Hooking.
2:21 of 3rd period - Sidney Crosby wins face-off versus Martin Hanzal in Hurricanes zone.
3:15 of 3rd period - Jason Spezza is hit by Johnny Oduya.
3:55 of 3rd period - Shot by Jere Lehtinen.
3:55 of 3rd period - Stopped by Carey Price without a rebound.
3:56 of 3rd period - Martin Hanzal wins face-off versus Jordan Staal in Senators zone.
4:09 of 3rd period - Icing by Dion Phaneuf.
4:10 of 3rd period - Martin Hanzal wins face-off versus Jordan Staal in Senators zone.
4:13 of 3rd period - Shot by Martin Hanzal.
4:13 of 3rd period - Deflect By Jere Lehtinen.
4:13 of 3rd period - Shot Blocked by Dion Phaneuf.
4:27 of 3rd period - Minor Penalty to Brandon Yip for Hooking.
4:28 of 3rd period - Eric Staal wins face-off versus Sidney Crosby in Hurricanes zone.
4:38 of 3rd period - Off-side.
4:39 of 3rd period - Jason Spezza wins face-off versus Eric Staal in neutral zone.
4:54 of 3rd period - Shot by Jason Spezza.
4:54 of 3rd period - Shot Misses the Net.
4:58 of 3rd period - Shot by Jason Spezza.
4:58 of 3rd period - Deflect By Chris Stewart.
4:58 of 3rd period - Shot Misses the Net.
5:00 of 3rd period - Shot by Dion Phaneuf.
5:00 of 3rd period - Shot Misses the Net.
5:02 of 3rd period - Shot by Carl Gunnarsson.
5:02 of 3rd period - Stopped by Brian Elliott without a rebound.
5:03 of 3rd period - Sidney Crosby wins face-off versus Martin Hanzal in Hurricanes zone.
5:48 of 3rd period - Icing by Dion Phaneuf.
5:49 of 3rd period - Eric Staal wins face-off versus Jason Spezza in Senators zone.
6:02 of 3rd period - Shot by Jason Spezza.
6:02 of 3rd period - Stopped by Brian Elliott without a rebound.
6:03 of 3rd period - Sidney Crosby wins face-off versus Steven Reinprecht in Hurricanes zone.
6:15 of 3rd period - Sidney Crosby is hit by Freddy Meyer.
6:33 of 3rd period - Shot by Daniel Briere.
6:33 of 3rd period - Stopped by Brian Elliott without a rebound.
6:34 of 3rd period - Martin Hanzal wins face-off versus David Steckel in Hurricanes zone.
7:45 of 3rd period - Shot by Sidney Crosby.
7:45 of 3rd period - Stopped by Brian Elliott with a rebound.
7:52 of 3rd period - Icing by Johnny Oduya.
7:53 of 3rd period - Martin Hanzal wins face-off versus Jason Spezza in Hurricanes zone.
7:53 of 3rd period - Martin Hanzal is hit by Chris Stewart.
8:17 of 3rd period - Shot by Chris Stewart.
8:17 of 3rd period - Stopped by Brian Elliott without a rebound.
8:18 of 3rd period - Eric Staal wins face-off versus Jordan Staal in Hurricanes zone.
8:31 of 3rd period - Shot by Andy Greene.
8:31 of 3rd period - Stopped by Carey Price without a rebound.
8:32 of 3rd period - David Steckel wins face-off versus Jed Ortmeyer in Senators zone.
8:34 of 3rd period - Icing by Brent Sopel.
8:35 of 3rd period - Mikhail Grabovski wins face-off versus David Steckel in Senators zone.
8:36 of 3rd period - Shot by Michael Ryder.
8:36 of 3rd period - Stopped by Carey Price without a rebound.
8:37 of 3rd period - Jordan Staal wins face-off versus Mikhail Grabovski in Senators zone.
8:41 of 3rd period - Off-side.
8:42 of 3rd period - Mikhail Grabovski wins face-off versus Sidney Crosby in neutral zone.
9:39 of 3rd period - Minor Penalty to Chris Stewart for Hooking.
9:40 of 3rd period - David Steckel wins face-off versus Eric Staal in Senators zone.
9:57 of 3rd period - Shot by Eric Staal.
9:57 of 3rd period - Shot Misses the Net.
9:59 of 3rd period - Shot by Jamie Benn.
9:59 of 3rd period - Shot Blocked by Jay Bouwmeester.
10:01 of 3rd period - Shot by Jamie Benn.
10:01 of 3rd period - Stopped by Carey Price with a rebound.
10:03 of 3rd period - Shot by Andy Greene.
10:03 of 3rd period - Stopped by Carey Price without a rebound.
10:04 of 3rd period - Jarome Iginla wins face-off versus Jordan Staal in Senators zone.
11:04 of 3rd period - Shot by Martin Hanzal.
11:04 of 3rd period - Shot Misses the Net.
11:43 of 3rd period - Filip Kuba is hit by Michael Ryder and loses puck.
11:50 of 3rd period - Shot by Brandon Yip.
11:50 of 3rd period - Shot Misses the Net.
11:52 of 3rd period - Shot by Michael Ryder.
11:52 of 3rd period - Shot Hit the Post.
11:56 of 3rd period - Shot by Michael Ryder.
11:56 of 3rd period - Shot Misses the Net.
12:00 of 3rd period - Shot by Michael Ryder.
12:00 of 3rd period - Stopped by Carey Price without a rebound.
12:01 of 3rd period - Mikhail Grabovski wins face-off versus Sidney Crosby in Senators zone.
12:26 of 3rd period - Shot by Mike Cammalleri.
12:26 of 3rd period - Shot Misses the Net.
12:28 of 3rd period - Shot by Mike Cammalleri.
12:28 of 3rd period - Shot Misses the Net.
12:30 of 3rd period - Shot by Sidney Crosby.
12:30 of 3rd period - Stopped by Brian Elliott without a rebound.
12:31 of 3rd period - Eric Staal wins face-off versus Jordan Staal in Hurricanes zone.
12:38 of 3rd period - Shot by Guillaume Latendresse.
12:38 of 3rd period - Deflect By Jordan Staal.
12:38 of 3rd period - Shot Misses the Net.
12:44 of 3rd period - Shot by David Jones.
12:44 of 3rd period - Stopped by Brian Elliott with a rebound.
12:46 of 3rd period - Shot by Jordan Staal.
12:46 of 3rd period - Shot Misses the Net.
12:50 of 3rd period - Shot by Jordan Staal.
12:50 of 3rd period - Stopped by Brian Elliott without a rebound.
12:51 of 3rd period - Steven Reinprecht wins face-off versus Thomas Vanek in Hurricanes zone.
13:18 of 3rd period - Shot by Steven Reinprecht.
13:18 of 3rd period - Shot Hit the Post.
13:20 of 3rd period - Shot by Johnny Oduya.
13:20 of 3rd period - Stopped by Carey Price without a rebound.
13:21 of 3rd period - Eric Staal wins face-off versus Sidney Crosby in Senators zone.
13:40 of 3rd period - Shot by Mike Cammalleri.
13:40 of 3rd period - Shot Blocked by Ryan Wilson.
13:44 of 3rd period - Shot by Dion Phaneuf.
13:44 of 3rd period - Stopped by Brian Elliott without a rebound.
13:45 of 3rd period - Mikhail Grabovski wins face-off versus Jordan Staal in Hurricanes zone.
14:41 of 3rd period - Off-side.
14:42 of 3rd period - Eric Staal wins face-off versus Chris Stewart in neutral zone.
14:59 of 3rd period - Shot by Jarome Iginla.
14:59 of 3rd period - Stopped by Carey Price without a rebound.
15:00 of 3rd period - Sidney Crosby wins face-off versus Steven Reinprecht in Senators zone.
15:13 of 3rd period - Shot by Mike Cammalleri.
15:13 of 3rd period - Stopped by Brian Elliott without a rebound.
15:14 of 3rd period - Jason Spezza wins face-off versus Mikhail Grabovski in Hurricanes zone.
15:42 of 3rd period - Jason Spezza is hit by Michael Ryder and loses puck.
16:13 of 3rd period - Shot by Eric Staal.
16:13 of 3rd period - Stopped by Carey Price without a rebound.
16:14 of 3rd period - Steven Reinprecht wins face-off versus Jordan Staal in Senators zone.
16:40 of 3rd period - Shot by Guillaume Latendresse.
16:40 of 3rd period - Stopped by Brian Elliott with a rebound.
16:44 of 3rd period - Shot by Jordan Staal.
16:44 of 3rd period - Shot Hit the Post.
17:30 of 3rd period - Shot by Mike Cammalleri.
17:30 of 3rd period - Deflect By Sidney Crosby.
17:30 of 3rd period - Stopped by Brian Elliott without a rebound.
17:31 of 3rd period - Chris Stewart wins face-off versus Eric Staal in Hurricanes zone.
17:41 of 3rd period - Minor Penalty to Filip Kuba for Holding.
17:42 of 3rd period - Jordan Staal wins face-off versus Eric Staal in Senators zone.
17:52 of 3rd period - Off-side.
17:53 of 3rd period - Eric Staal wins face-off versus David Steckel in neutral zone.
18:09 of 3rd period - Shot by Eric Staal.
18:09 of 3rd period - Shot Misses the Net.
18:52 of 3rd period - Shot by Michael Ryder.
18:52 of 3rd period - Stopped by Carey Price with a rebound.


Output by the SimonT Hockey Simulator (STHS) for Stephane Roy -- Original Page W3C XHTML 1.0 Valid